 Dungeon Crawl Stone Soup version 0.29.1-1-gd02db6906a (webtiles) character file.

Game seed: 13349149014029486762

31600 smilodon the Brawler (level 13, -15/119 HPs)
             Began as a Troll Fighter on Sept 18, 2022.
             Was an Elder of Zin.
             Demolished by Rupert
             ... wielding a +0 great sword of holy wrath
              (31 damage)
             ... on level 12 of the Dungeon.
             The game lasted 00:33:21 (13519 turns).

smilodon the Brawler (Troll Fighter)               Turns: 13519, Time: 00:33:22

Health: -15/119    AC: 15    Str: 31    XL:     13   Next: 26%
Magic:  16/16      EV:  6    Int:  4    God:    Zin [****..]
Gold:   208        SH: 13    Dex:  9    Spells: 12/12 levels left

rFire   x . .      SeeInvis .     - Unarmed
rCold   + + .      Faith    .   R - +1 tower shield {reflect}
rNeg    . . .      Spirit   .   D - +1 ice dragon scales
rPois   +          Reflect  +   (helmet restricted)
rElec   .          Harm     .   s - +2 cloak
rCorr   .          Rampage  .   (gloves unavailable)
Will    +....                   (boots unavailable)
Stlth   ..........              (no amulet)
HPRegen 1.09/turn               T - ring of poison resistance
MPRegen 0.15/turn               L - ring of willpower

@: no status effects
A: large, unfitting armour, claws 3, regeneration 1, shaggy fur 1, tough skin 1
a: Renounce Religion, Recite, Vitalisation, Imprison, Donate Gold


You were on level 12 of the Dungeon.
You worshipped Zin.
Zin was greatly pleased with you.
You visited 2 branches of the dungeon, and saw 16 of its levels.
You also visited: Bailey.

You collected 906 gold pieces.
You spent 608 gold pieces at shops.
You donated 90 gold pieces to Zin.

Inventory:

Hand Weapons
 d - a +0 giant club
 e - a +2 dagger of speed
 o - a +3 dagger of venom
 H - a +1 whip of electrocution
Missiles
 M - 3 silver javelins
 P - 10 large rocks (quivered)
Armour
 a - a +0 robe
 b - a +0 kite shield
 i - a +0 robe of willpower
 s - a +2 cloak (worn)
 C - a +2 robe
 D - +1 ice dragon scales (worn)
 E - the +1 robe of Ru's Envy {Rampage +Blink rPois Stlth-}
   (You found it in a bailey)

   rPois:     It protects you from poison.
   +Blink:    It lets you blink.
   Rampage:   It bestows one free step when moving towards enemies.
   Stlth:     It makes you less stealthy.
 Q - the +18 shield of the Gong {rElec rN+ Will+ EV-5}
   (You found it on level 12 of the Dungeon)

   It is deafeningly noisy when blocking attacks.
   EV:        It affects your evasion (-5).
   rElec:     It insulates you from electricity.
   rN:        It protects you from negative energy.
   Will:      It increases your willpower.
 R - a +1 tower shield of reflection (worn)
Jewellery
 u - a ring of protection from cold
 w - a ring of resist corrosion
 x - a +6 ring of intelligence
 J - a ring of ice
 L - a ring of willpower (right claw)
 S - a ring of ice
 T - a ring of poison resistance (left claw)
Wands
 c - a wand of polymorph (30)
 n - a wand of paralysis (5)
 q - a wand of quicksilver (15)
 r - a wand of roots (18)
 y - a wand of mindburst (15)
 N - a wand of digging (7)
Scrolls
 f - a scroll of fear
 j - 3 scrolls of poison
 k - 2 scrolls of blinking
 l - 3 scrolls of teleportation
 p - 2 scrolls of butterflies
 t - 3 scrolls of noise
 v - 2 scrolls of enchant weapon
 A - 9 scrolls of identify
 G - a scroll of amnesia
Potions
 g - 3 potions of magic
 h - 5 potions of curing
 m - a potion of attraction
 z - 2 potions of mutation
 B - 2 potions of might
 F - 2 potions of invisibility
 I - 2 potions of flight
 K - a potion of berserk rage
 O - a potion of ambrosia
 U - 2 potions of heal wounds


   Skills:
 + Level 5.4 Fighting
 - Level 9.0 Maces & Flails
 + Level 4.7 Throwing
 + Level 1.4 Armour
 + Level 5.4 Dodging
 + Level 6.0 Shields
 - Level 15.7 Unarmed Combat
 + Level 6.5 Invocations


You had 12 spell levels left.
You didn't know any spells.
Your spell library contained the following spells:

 Spells                   Type           Power      Damage    Failure   Level
 Blink                    Tloc           0%         N/A       100%        2
 Passwall                 Tmut/Erth      0%         N/A       100%        2
 Static Discharge         Conj/Air       0%         3-3/arc   100%        2
 Sublimation of Blood     Necr           0%         N/A       100%        2
 Wereblood                Tmut           0%         N/A       100%        2
 Dazzling Flash           Conj/Hex       0%         N/A       100%        3
 Gell's Gravitas          Tloc           0%         N/A       100%        3
 Stone Arrow              Conj/Erth      0%         3d7       100%        3
 Teleport Other           Tloc           0%         N/A       100%        3
 Tukima's Dance           Hex            0%         N/A       100%        3
 Animate Armour           Summ/Erth      0%         N/A       100%        4
 Passage of Golubria      Tloc           0%         N/A       100%        4
 Agony                    Necr           0%         N/A       100%        5
 Silence                  Hex/Air        0%         N/A       100%        5
 Yara's Violent Unravell  Hex/Tmut       0%         3d3       100%        5
 Dispersal                Tloc           0%         N/A       100%        6
 Summon Hydra             Summ           0%         N/A       100%        7
 Lehudib's Crystal Spear  Conj/Erth      0%         10d2      100%        8


Dungeon Overview and Level Annotations

Branches:
Dungeon (15/15)            Temple (1/1) D:7            Lair (0/5) D:10
    Orc (0/2) D:11         Vaults (0/5) D:13         Bailey (visited)
 Depths: D:15

Altars:
Ashenzari
Cheibriados
Dithmenos
Elyvilon
Fedhas
Gozag
Hepliaklqana
Kikubaaqudgha
Makhleb
Nemelex Xobeh
Okawaru
Qazlal
Ru
Sif Muna
Trog
Uskayaw
Vehumet
Wu Jian
Xom
Yredelemnul
Zin
The Shining One

Shops:
D:11 (   D:12 **

Annotations:
D:12 Fannar, Rupert


Innate Abilities, Weirdness & Mutations

You are too large for most types of armour.
You have claws for hands.
Your natural rate of healing is unusually fast.
You are covered in fur. (AC +1)
You have tough skin. (AC +1)


Message History

Aim: Rupert, wielding a +0 great sword of holy wrath and wearing a +0 leather armour (59% to hit)
You throw a large rock. The large rock hits Rupert!
Rupert is lightly wounded.
Throw: 12 large rocks
Press: ? - help, Q - select action, (/) - cycle Shift-Dir - straight line, f/p - Rupert
Aim: Rupert, wielding a +0 great sword of holy wrath and wearing a +0 leather armour (lightly wounded, 59% to hit)
You throw a large rock. The large rock closely misses Rupert.
Rupert roars madly and goes into a rage!
Rupert goes berserk!
Throw: 11 large rocks
Press: ? - help, Q - select action, (/) - cycle Shift-Dir - straight line, f/p - Rupert
Aim: Rupert, wielding a +0 great sword of holy wrath and wearing a +0 leather armour (lightly wounded, berserk, 59% to hit)
You throw a large rock. The large rock hits Rupert!!
Rupert is moderately wounded.
Rupert hits you with a +0 great sword of holy wrath!!
Rupert barely misses you. You block Rupert's attack.
Rupert rages.
You block Rupert's attack. Rupert attacks as you move away!
Rupert hits you with a +0 great sword of holy wrath!!
Rupert hits you but does no damage. Rupert attacks as you move away!
You block Rupert's attack. You block Rupert's attack. Rupert barely misses you.
Rupert attacks as you move away! Rupert barely misses you.
Rupert attacks as you move away! You block Rupert's attack.
Rupert hits you with a +0 great sword of holy wrath.
Rupert attacks as you move away!
Rupert hits you with a +0 great sword of holy wrath!!
You block Rupert's attack.
There is a stone staircase leading down here.
Rupert attacks as you move away!
Rupert hits you with a +0 great sword of holy wrath!!
You block Rupert's attack. Rupert attacks as you move away!
Rupert hits you with a +0 great sword of holy wrath!!
* * * LOW HITPOINT WARNING * * *
Rupert hits you with a +0 great sword of holy wrath!!
You die...

#....... ##......#
....<...#
#.......# #####
..###..## #.>.#
.###..########.#.#
.#...####[.....#.#
....[......#..##@#
..######.###.###@#
.# #...##..# #.#
######.####.## #.#
.......# #..# #.#
....######.## #.#
≈...# ###..# ##.#
##..###...## #..#
.#≈...#.### #.##
.≈≈.#...# #.#


You could see Rupert (berserk).

Vanquished Creatures
  Frances (D:11)
  A deep elf high priest (D:12)
  A boulder beetle (D:13)
  8 vault guards (D:13)
  An anaconda (shapeshifter) (D:12)
  3 two-headed ogres
  A tengu warrior (D:13)
  An obsidian statue (D:12)
  Pikel (D:9)
  A deep elf pyromancer (D:12)
  3 ugly things
  The ghost of groovy9 the Skirmisher, a novice FoHu (D:12)
  4 cyclopes
  Joseph (D:7)
  3 gargoyles
  A kobold demonologist (D:11)
  Psyche (D:10)
  A yaktaur (D:12)
  A tengu conjurer (D:13)
  3 trolls
  4 slime creatures
  Sigmund (D:3)
  A shadow (D:11)
  3 wyverns
  2 vampires
  4 wraiths
  12 yaks
  13 vampire mosquitoes
  3 steam dragons
  Duvessa (D:5)
  2 ice beasts (D:5)
  3 sky beasts
  5 orc warriors
  4 black bears
  An ogre (D:7)
  2 wolves (D:10)
  2 phantoms (D:4)
  9 centaurs
  3 bullfrogs
  22 kobold brigands
  2 necrophages
  2 scorpions
  3 wights (D:6)
  Dowan (D:5)
  24 killer bees
  3 electric eels (D:10)
  A howler monkey (D:11)
  7 vampire bats (Bailey)
  6 wolf zombies (Bailey)
  11 hounds
  2 jellies (D:6)
  4 orc priests
  Crazy Yiuf (D:3)
  A gnoll bouda (D:8)
  Jessica (D:3)
  Ijyb (D:3)
  4 iguanas
  16 orc wizards
  9 gnolls
  8 adders
  4 white imps
  2 ufetubi (D:5)
  A worm (D:2)
  66 orcs
  8 bats
  7 endoplasms
  4 giant cockroaches
  4 goblins
  8 hobgoblins
  7 jackals
  3 quokkas
  4 ball pythons
  2 frilled lizards
  42 kobolds
  21 orc zombies (Bailey)
  2 rats
427 creatures vanquished.

Vanquished Creatures (others)
  A wizard (D:10)
  A manticore (D:12)
  A gnoll (D:8)
  A goblin (D:8)
  2 kobolds (D:8)
  A fungus (D:3)
  A plant (D:7)
8 creatures vanquished.

Grand Total: 435 creatures vanquished

Notes
Turn   | Place    | Note
-------+----------+-------------------------------------------
     0 | D:1      | smilodon the Troll Fighter began the quest for the Orb.
     0 | D:1      | Reached XP level 1. HP: 22/22 MP: 0/0
    62 | D:1      | Reached XP level 2. HP: 29/29 MP: 1/1
   315 | D:1      | Found a faded altar of an unknown god.
   323 | D:1      | Reached XP level 3. HP: 36/36 MP: 2/2
   335 | D:1      | Reached skill level 3 in Unarmed Combat
  1479 | D:3      | Reached XP level 4. HP: 40/44 MP: 3/3
  1678 | D:3      | Noticed Jessica
  1685 | D:3      | Killed Jessica
  1686 | D:3      | Reached skill level 4 in Unarmed Combat
  1837 | D:3      | Noticed Sigmund
  1846 | D:3      | Killed Sigmund
  1847 | D:3      | Reached skill level 6 in Unarmed Combat
  1847 | D:3      | Reached XP level 5. HP: 20/50 MP: 4/4
  1847 | D:3      | Reached XP level 6. HP: 24/59 MP: 5/5
  2001 | D:3      | Noticed Ijyb
  2008 | D:3      | Killed Ijyb
  2073 | D:3      | Found a runed translucent door.
  2074 | D:3      | Noticed Crazy Yiuf
  2079 | D:3      | Killed Crazy Yiuf
  2447 | D:4      | Reached skill level 7 in Unarmed Combat
  2517 | D:4      | Reached XP level 7. HP: 65/66 MP: 6/6
  2612 | D:4      | Found a blossoming altar of Fedhas.
  2723 | D:4      | Reached skill level 8 in Unarmed Combat
  3258 | D:5      | Entered Level 5 of the Dungeon
  3313 | D:5      | Reached skill level 9 in Unarmed Combat
  3328 | D:5      | Noticed Dowan
  3329 | D:5      | Noticed Duvessa
  3353 | D:5      | Killed Duvessa
  3354 | D:5      | Reached XP level 8. HP: 11/74 MP: 7/7
  3431 | D:5      | Killed Dowan
  3515 | D:5      | Found a glowing golden altar of the Shining One.
  3598 | D:5      | Found a stormy altar of Qazlal.
  3616 | D:5      | Reached skill level 10 in Unarmed Combat
  4333 | D:6      | Reached skill level 11 in Unarmed Combat
  4868 | D:6      | Found a hazy altar of Hepliaklqana.
  5034 | D:6      | Reached XP level 9. HP: 57/80 MP: 8/8
  5491 | D:6      | Reached skill level 12 in Unarmed Combat
  5707 | D:7      | Reached skill level 1 in Maces & Flails
  5803 | D:7      | Found a shimmering altar of Xom.
  5973 | D:7      | Found a burning altar of Makhleb.
  6077 | D:7      | Noticed Joseph
  6084 | D:7      | Killed Joseph
  6085 | D:7      | Reached skill level 13 in Unarmed Combat
  6374 | D:7      | Found a staircase to the Ecumenical Temple.
  6522 | Temple   | Entered the Ecumenical Temple
  6653 | Temple   | Became a worshipper of Zin the Law-Giver
  6653 | Temple   | Reached * piety under Zin
  6873 | D:8      | Found a flagged portal.
  6881 | Bailey   | Entered a bailey
  7018 | Bailey   | Reached ** piety under Zin
  7019 | Bailey   | Reached XP level 10. HP: 68/88 MP: 9/9
  7211 | Bailey   | Got Fiamiux's Easy Theurgy
  7227 | Bailey   | Noticed a gargoyle
  7236 | Bailey   | Killed a gargoyle
  7237 | Bailey   | Reached skill level 5 in Maces & Flails
  7286 | Bailey   | Identified the +1 robe of Ru's Envy {Rampage +Blink rPois
                  | Stlth-}
  7512 | D:8      | Found an iron altar of Okawaru.
  7673 | D:8      | Reached skill level 14 in Unarmed Combat
  7944 | D:8      | Reached *** piety under Zin
  8167 | D:9      | Noticed Pikel
  8171 | D:9      | Killed Pikel
  8315 | D:9      | Reached skill level 1 in Invocations
  9049 | D:10     | Entered Level 10 of the Dungeon
  9049 | D:10     | Noticed a two-headed ogre
  9051 | D:10     | Identified the +8 flail "Earthworm" {pain, rC+ MP+9 Dex+3}
  9058 | D:10     | Killed a two-headed ogre
  9059 | D:10     | Reached XP level 11. HP: 61/96 MP: 11/11
  9371 | D:10     | Reached **** piety under Zin
  9459 | D:10     | Reached skill level 15 in Unarmed Combat
  9511 | D:10     | Noticed Psyche
  9525 | D:10     | Killed Psyche
  9662 | D:10     | Found a staircase to the Lair.
 10019 | D:10     | Found a bloodstained altar of Trog.
 10023 | D:10     | Noticed a wizard
 10028 | D:10     | Killed a wizard
 10281 | D:11     | Noticed a red ugly thing
 10287 | D:11     | Killed a red ugly thing
 10320 | D:11     | Found the +5 robe of Misfortune {Harm *Corrode *Slow EV+5}
 10545 | D:11     | Reached skill level 1 in Throwing
 10556 | D:11     | Found a staircase to the Orcish Mines.
 10561 | D:11     | Reached ***** piety under Zin
 10682 | D:11     | Found Zikub's Weapon Emporium.
 10717 | D:11     | Found a radiant altar of Vehumet.
 10826 | D:11     | Noticed a sixfirhy
 10835 | D:11     | HP: 3/97 [sixfirhy[a kobold demonologist] (12)]
 11188 | D:11     | Reached XP level 12. HP: 70/107 MP: 12/14
 11298 | D:12     | Noticed a two-headed ogre
 11304 | D:12     | Killed a two-headed ogre
 11388 | D:12     | Noticed a two-headed ogre
 11392 | D:12     | Killed a two-headed ogre
 11393 | D:12     | Reached skill level 5 in Invocations
 11424 | D:12     | You fall into a shaft and drop 3 floors!
 11424 | D:15     | Entered Level 15 of the Dungeon
 11462 | D:13     | Noticed a boulder beetle
 11475 | D:13     | Found a gate to the Vaults.
 11475 | D:13     | Noticed a vault guard
 11475 | D:13     | Noticed a vault guard
 11475 | D:13     | Noticed a vault guard
 11475 | D:13     | Noticed a vault guard
 11475 | D:13     | Noticed a vault guard
 11475 | D:13     | Noticed a vault guard
 11492 | D:14     | Identified the -1 pair of gloves "Hoyxuomi" {Fly Will-
                  | Str+5}
 11497 | D:14     | Noticed a centaur warrior
 11604 | D:13     | Noticed a vault guard
 11612 | D:13     | Killed a vault guard
 11620 | D:13     | Killed a vault guard
 11697 | D:13     | Found a shadowy altar of Dithmenos.
 11708 | D:13     | Killed a boulder beetle
 11714 | D:13     | Killed a vault guard
 11728 | D:13     | Killed a vault guard
 11741 | D:13     | Killed a vault guard
 11742 | D:13     | Reached skill level 5 in Shields
 11910 | D:13     | Killed a vault guard
 12124 | D:13     | Noticed a vault guard
 12127 | D:13     | Noticed a tengu warrior
 12148 | D:13     | Killed a tengu warrior
 12160 | D:13     | Killed a vault guard
 12276 | D:13     | Killed a vault guard
 12366 | D:13     | Reached skill level 5 in Dodging
 12380 | D:12     | Found the +18 shield of the Gong {rElec rN+ Will+ EV-5}
 12383 | D:12     | Noticed Frances
 12386 | D:12     | Noticed Fannar
 12527 | D:11     | Reached skill level 5 in Fighting
 12598 | D:11     | Killed Frances
 12599 | D:11     | Reached XP level 13. HP: 28/118 MP: 0/16
 13166 | D:12     | Found a runed translucent gate.
 13166 | D:12     | Found a runed translucent gate.
 13166 | D:12     | Found a runed translucent gate.
 13167 | D:12     | Found an opulent altar of Gozag.
 13168 | D:12     | Found Biggikla's Assorted Antiques.
 13168 | D:12     | Found Gysmum's Assorted Antiques.
 13168 | D:12     | Noticed groovy9's ghost (novice FoHu)
 13190 | D:12     | Killed groovy9's ghost
 13194 | D:12     | Reached skill level 1 in Armour
 13194 | D:12     | Noticed a bunyip
 13198 | D:12     | a bunyip changed into a goliath frog
 13235 | D:12     | Bought a scroll of teleportation for 96 gold pieces
 13235 | D:12     | Bought a potion of heal wounds for 160 gold pieces
 13235 | D:12     | Bought a potion of curing for 96 gold pieces
 13235 | D:12     | Bought a potion of curing for 96 gold pieces
 13235 | D:12     | Bought a potion of heal wounds for 160 gold pieces
 13497 | D:12     | Noticed Rupert
 13519 | D:12     | Demolished by Rupert

Illustrated notes

Levels and vault maps discovered:
D:1:      doesnt_arrival_eight_statues, layout_loops_ring,
          chequers_ecumenical_altar_simple_redux
D:2:      layout_basic, grunt_ministairs_4
D:3:      layout_loops_ring, grunt_decor_junction, nicolae_figureground_pulse,
          uniq_ijyb, uniq_sigmund, uniq_jessica, uniq_crazy_yiuf_cottage
D:4:      layout_loops_corners, mainiacjoe_overflow_chevrons
D:5:      layout_basic, mainiacjoe_overflow_alcove_2, tso_metal_star,
          uniq_duvessa
D:6:      layout_layer_cave, nicolae_hepliaklqana_hazy_memory
D:7:      layout_gridville, kennysheep_mini_moat, mainiacjoe_overflow_boulevard,
          minmay_temple_entry_gardened_gates, minmay_bent, uniq_joseph
D:8:      layout_gridville, okawaru_altar_gauntlet_db, enter_bailey_2
D:9:      layout_irregular_city, uniq_pikel
D:10:     layout_loops_ring, trog_wizard, erik_lair_island, uniq_psyche
D:11:     layout_roguey [special_room_kobold], hiddenorc2_lemuel, serial_shops,
          nicolae_diamond_shop, nicolae_vehumet_radiance
D:12:     layout_rooms, ebering_ghost_gozag, minivault_15, uniq_fannar,
          uniq_rupert, uniq_frances
D:13:     dreamdust_under_siege, layout_cave_pools, erik_vaults_2,
          nicolae_dithmenos_shadow_blocks
D:14:     layout_rooms, cheibriados_altar_1
D:15:     grunt_enter_depths_giant_problem, layout_gridville,
          nicolae_triple_integral, hellmonk_guarded_unrand_staff_of_battle
Temple:   nicolae_temple_superstar

Skill      XL: |  1  2  3  4  5  6  7  8  9 10 11 12 13 |
---------------+----------------------------------------+-----
Unarmed Combat | 3 6 7 9 11 13 14 15 | 15.7
Maces & Flails | 4 7 8 9 |  9.0
Invocations    | 2 4 6 |  6.5
Shields        | 4 5 6 |  6.0
Fighting       | 3 5 |  5.4
Dodging        | 3 5 |  5.4
Throwing       | 2 4 |  4.7
Armour         | 1 |  1.4

Action                   |  1- 3 |  4- 6 |  7- 9 | 10-12 | 13-15 || total
-------------------------+-------+-------+-------+-------+-------++-------
Melee: Unarmed           |    87 |    70 |   355 |   823 |    54 ||  1389
Throw: Large rock        |       |       |       |    30 |    12 ||    42
Invok: Recite            |       |       |       |     7 |     2 ||     9
       Vitalisation      |       |       |       |     4 |       ||     4
       Sanctuary         |       |       |       |     2 |       ||     2
       Imprison          |       |       |       |     2 |       ||     2
Evoke: Wand              |       |       |     2 |     5 |       ||     7
  Use: Scroll            |     2 |       |    10 |    11 |       ||    23
       Potion            |       |     2 |    13 |    10 |     1 ||    26
 Stab: Sleeping          |     1 |       |       |       |       ||     1
       Invisible         |       |       |     1 |     1 |       ||     2
Armor: Robe              |    23 |    13 |   142 |    61 |       ||   239
       Ice dragon scales |       |       |       |   413 |    38 ||   451
Dodge: Dodged            |    24 |    19 |   122 |   313 |    17 ||   495
Block: Kite shield       |    30 |    17 |   137 |   272 |       ||   456
       Tower shield      |       |       |       |    78 |    73 ||   151
       Reflection        |       |       |       |     1 |     1 ||     2
